 Dungeon Crawl Stone Soup version 0.27-a0-932-g94b7631 (webtiles) character file.

Game seed: 2075842127569273572

103 Nithhogg the Skirmisher (level 4, -5/36 HPs)
             Began as a Demonspawn Fighter on Apr 10, 2021.
             Slain by a gnoll
             ... wielding a +0 whip
              (9 damage)
             ... on level 2 of the Dungeon.
             The game lasted 00:03:54 (3077 turns).

Nithhogg the Skirmisher (Demonspawn Fighter)        Turns: 3077, Time: 00:03:54

Health: -5/36      AC:  3    Str: 17    XL:     4   Next: 51%
Magic:  5/5        EV:  7    Int: 11    God:
Gold:   35         SH:  9    Dex: 11    Spells: 3/3 levels left

rFire    . . .     SeeInvis .   a - +0 long sword
rCold    + . .     Faith    .   c - +0 kite shield
rNeg     . . .     Spirit   .   b - +0 scale mail
rPois    .         Reflect  .   (no helmet)
rElec    .         Harm     .   (no cloak)
rCorr    .         Rampage  .   (no gloves)
Will     .....     Rnd*Tele +   (no boots)
Stlth    ..........             (no amulet)
HPRegen  0.12/turn              (no ring)
MPRegen  0.09/turn              (no ring)

@: no status effects
A: claws 1, powered by death 1, big brain 1, clumsy 1, cold resistance 1,
deformed body, teleportitis 1
a: no special abilities


You were on level 2 of the Dungeon.
You visited 1 branch of the dungeon, and saw 3 of its levels.

You collected 35 gold pieces.

Inventory:

Hand Weapons
 a - a +0 long sword (weapon)
Armour
 b - a +0 scale mail (worn)
 c - a +0 kite shield (worn)
Jewellery
 j - a ring of ice
Scrolls
 f - a scroll of teleportation
 g - a scroll of identify
Potions
 d - a potion of might
 e - a potion of degeneration
 i - a potion of mutation


   Skills:
 + Level 3.6 Fighting
 + Level 2.5 Long Blades
 + Level 3.2 Armour
 + Level 3.2 Shields
 + Level 1.9 Invocations


You had 3 spell levels left.
You didn't know any spells.
Your spell library contained the following spells:

 Spells                   Type           Power      Damage    Failure   Level
 Magic Dart               Conj           0%         1d3       99%         1
 Blink                    Tloc           N/A        N/A       100%        2
 Call Imp                 Summ           0%         N/A       100%        2
 Slow                     Hex            0%         N/A       100%        2
 Confusing Touch          Hex            0%         N/A       100%        3
 Conjure Flame            Conj/Fire      0%         6-21      100%        3
 Gell's Gravitas          Tloc           0%         N/A       100%        3
 Mephitic Cloud           Conj/Pois/Air  0%         N/A       100%        3
 Petrify                  Tmut/Erth      0%         N/A       100%        4
 Metabolic Englaciation   Hex/Ice        0%         N/A       100%        5
 Yara's Violent Unravell  Hex/Tmut       0%         3d3       100%        5


Dungeon Overview and Level Annotations

Branches:
Dungeon (3/15)

Altars:


Innate Abilities, Weirdness & Mutations

You have sharp fingernails.
You regenerate a little health from kills.
You have an unusually large brain. (Int +2)
You are clumsy. (Dex -2)
Your flesh is cold resistant. (rC+)
Armour fits poorly on your strangely shaped body.
You are occasionally teleported next to monsters.


Message History

You completely miss the gnoll. The gnoll closely misses you.
You riposte.
You slash the gnoll!
The gnoll is heavily wounded.
You hit the gnoll.
The gnoll is severely wounded.
The gnoll hits you with a +0 whip! The gnoll closely misses you.
Your scale mail prevents you from hitting the gnoll.
The gnoll is severely wounded.
The gnoll hits you with a +0 whip. x2
You are too injured to fight recklessly!
You are too injured to fight recklessly!
You are too injured to fight recklessly!
You are too injured to fight recklessly!
You are too injured to fight recklessly!
You are too injured to fight recklessly!
You are too injured to fight recklessly!
You are too injured to fight recklessly!
You are too injured to fight recklessly!
You are too injured to fight recklessly!
You are too injured to fight recklessly!
You are too injured to fight recklessly!
You are too injured to fight recklessly!
You are too injured to fight recklessly!
You are too injured to fight recklessly!
You are too injured to fight recklessly!
You are too injured to fight recklessly!
You are too injured to fight recklessly!
You are too injured to fight recklessly!
You are too injured to fight recklessly!
You closely miss the gnoll.
The gnoll is severely wounded.
You block the gnoll's attack.
You hit the gnoll.
The gnoll is almost dead.
The gnoll hits you with a +0 whip. The gnoll hits you with a +0 whip!
* * * LOW HITPOINT WARNING * * *
You hit the gnoll.
The gnoll is almost dead.
The gnoll hits you with a +0 whip!
You die...

############
#.............###..#
...........#
#.#.####.#########.#
##########.# #.#.#
#.#.....# #.# #.# #.#.#
#.#.###.###.# #.###.#.#
#.#.# #.....# # #.#...#.#
#.#.###.##### ##
####.#.#.####.#.....# .#
######.#..#........###.###
.###.#..†..#.#.g@######
#.# ...#..#.######.### #.#
####.####.#†.### #.# #
#.#)...†#.# ####.#######
#..#.####.# #..........#
######.#..# #.##.#####.#
####.#.....#.# #.##.# #.#
...#..#.###### #.##.# #.#
##^#.#####.# #.##.# #.#


You could see a gnoll.

Vanquished Creatures
  A gnoll (D:3)
  2 adders (D:3)
  2 worms (D:2)
  2 dart slugs
  5 endoplasms
  9 giant cockroaches
  6 goblins
  7 hobgoblins
  3 quokkas
  7 ball pythons
  8 bats
  A frilled lizard (D:1)
  2 kobolds (D:2)
  8 rats
63 creatures vanquished.

Notes
Turn   | Place    | Note
-------+----------+-------------------------------------------
     0 | D:1      | Nithhogg the Demonspawn Fighter began the quest for the
                  | Orb.
     0 | D:1      | Reached XP level 1. HP: 18/18 MP: 1/1
   200 | D:1      | Gained mutation: You regenerate a little health from kills.
                  | [demonic ancestry]
   200 | D:1      | Reached XP level 2. HP: 23/24 MP: 2/2
  1364 | D:2      | Reached skill level 1 in Invocations
  1364 | D:2      | Gained mutation: You have an unusually large brain. (Int
                  | +2) [demonic ancestry]
  1364 | D:2      | Reached XP level 3. HP: 29/29 MP: 3/3
  2182 | D:2      | Gained mutation: You have sharp fingernails. [demonic
                  | ancestry]
  2182 | D:2      | Reached XP level 4. HP: 35/35 MP: 5/5
  2476 | D:3      | Gained mutation: You are occasionally teleported next to
                  | monsters. [potion of mutation]
  2476 | D:3      | Gained mutation: You are clumsy. (Dex -2) [potion of
                  | mutation]
  2476 | D:3      | Gained mutation: Armour fits poorly on your strangely
                  | shaped body. [potion of mutation]
  2476 | D:3      | Gained mutation: Your flesh is cold resistant. (rC+)
                  | [potion of mutation]
  3077 | D:2      | Slain by a gnoll

Illustrated notes

Levels and vault maps discovered:
D:1:      lemuel_arrival_tunnels, layout_basic
D:2:      minmay_angry_zag, layout_loops_ring
D:3:      layout_rooms, lemuel_round_altar, tgw_sif, chequers_jeans

Skill      XL: |  1  2 |
---------------+-------+-----
Long Blades    | 2 |  2.5
Shields        | 3 |  3.2
Armour         | 3 |  3.2
Invocations    | 1 |  1.9
Fighting       | |  3.6

Action                   |  1- 3 |  4- 6 || total
-------------------------+-------+-------++-------
Melee: Long sword        |   148 |    49 ||   197
  Use: Potion            |       |     3 ||     3
       Scroll            |       |     2 ||     2
Armor: Scale mail        |    70 |    19 ||    89
Dodge: Dodged            |    58 |    23 ||    81
Block: Kite shield       |    88 |    29 ||   117
       Rpst.: Long sword |    12 |     4 ||    16

Table legend: (Time is in decaauts)
 A = Elapsed time spent in this place.
 B = Non-inter-level travel time spent in this place.
 C = Inter-level travel time spent in this place.
 D = Time resting spent in this place.
 E = Time spent auto-exploring this place.
 F = Levels seen in this place.
 G = Mean time per level.
                   A        B        C        D        E       F      G
               +--------+--------+--------+--------+--------+-----+--------+
         Total |   3184 |   3069 |    115 |    512 |   1992 |   3 | 1061.3 |
       Dungeon |   3184 |   3069 |    115 |    512 |   1992 |   3 | 1061.3 |
               +--------+--------+--------+--------+--------+-----+--------+

Top non-repeatable levels by time:
     D:1: 1375 daAuts
     D:2: 1373 daAuts
     D:3: 435 daAuts
